 Dungeon Crawl Stone Soup version 0.27-a0-1184-ge86db4a01e (webtiles) character file.

Game seed: 4901126236490953904

7 Drazool the Shield-Bearer (level 2, 24/24 HPs)
             Began as a Formicid Fighter on May 18, 2021.
             Was a Follower of Vehumet.
             Quit the game on level 1 of the Dungeon.
             The game lasted 00:01:21 (158 turns).

Drazool the Shield-Bearer (Formicid Fighter)         Turns: 158, Time: 00:01:21

Health: 24/24      AC:  6    Str: 20    XL:     2   Next: 10%
Magic:  2/2        EV:  8    Int:  7    God:    Vehumet [*.....]
Gold:   0          SH:  9    Dex: 10    Spells: 1/1 levels left

rFire    . . .     SeeInvis +   a - +0 war axe
rCold    + . .     Faith    .   c - +0 kite shield
rNeg     . . .     Spirit   .   b - +0 scale mail
rPois    .         Reflect  .   (helmet unavailable)
rElec    .         Harm     .   (no cloak)
rCorr    .         Rampage  .   (no gloves)
Will     .....                  (no boots)
Stlth    ..........             (no amulet)
HPRegen  0.08/turn              C - ring of protection from cold
MPRegen  0.08/turn              (no ring)

@: no status effects
A: permanent stasis, dig shafts and tunnels, antennae 3, four strong arms
a: Dig, Shaft Self, Renounce Religion


You were on level 1 of the Dungeon.
You worshipped Vehumet.
Vehumet was aware of your devotion.
You visited 1 branch of the dungeon, and saw 1 of its levels.


Innate Abilities, Weirdness & Mutations

You cannot be hasted, slowed, berserked, paralysed or teleported.
You can dig through walls and to a lower floor.
You have a pair of large antennae on your head. (SInv)
Your four strong arms can wield two-handed weapons with a shield.


   Skills:
 - Level 3.2 Fighting
 + Level 2.3 Axes
 - Level 3.2 Armour
 + Level 4.0 Shields


You had one spell level left.
You didn't know any spells.
Your spell library was empty.

Inventory:

Hand Weapons
 a - a +0 war axe (weapon)
Armour
 b - a +0 scale mail (worn)
 c - a +0 kite shield (worn)
Jewellery
 C - a ring of protection from cold (left hand)
Scrolls
 e - a scroll of magic mapping {unknown}
 f - a scroll of identify {unknown}
Potions
 d - a potion of might
 g - a potion of flight {unknown}

Dungeon Overview and Level Annotations

Branches:
Dungeon (1/15)

Altars:
Vehumet

#######################
.......@.............>#
##..........#######.###
#.........)# #.#
#..........#######.###
########.##..........#
#.##..........# {
#.##..........#
#.##..........#
#..........#


There were no monsters in sight!


Message History

The goblin hits you but does no damage.
Unknown command.
You slash the goblin!
You kill the goblin!
You hit the rat.
You kill the rat!
You have reached level 2!
You see here a +0 club.
HP restored.
Things that are here:
a rat corpse; a quokka corpse
Found a stone staircase leading down.
You sense a monster nearby.
Found a faded altar of an unknown god.
A kobold comes into view. It is wielding a +0 dagger.
The kobold moves out of view.
You block the kobold's attack.
You closely miss the kobold. The kobold barely misses you.
You block the kobold's attack.
You closely miss the kobold. The kobold completely misses you.
You slash the kobold!
You kill the kobold!
Your Shields skill increases to level 4!
There is a faded altar of an unknown god here.
You cannot tell which god this altar belongs to.
Convert to them anyway?
Vehumet accepts your prayer! Vehumet welcomes you!
You can now gain magical power from killing.
Vehumet offers you knowledge of Shock.
Are you sure you want to abandon this character and quit the game? (Confirm with "yes".)

Skill      XL: |  1  2 |
---------------+-------+-----
Shields        | 4 |  4.0
Fighting       | |  3.2
Axes           | |  2.3
Armour         | |  3.2

Action                   || total
-------------------------++-------
Melee: War axe           ||    10
Armor: Scale mail        ||     4
Dodge: Dodged            ||     3
Block: Kite shield       ||     3

Levels and vault maps discovered:
D:1:      tarquinn_simple_flora_water_b, layout_basic, basic_ecumenical_altar,
          minmay_splitting_lines

Notes
Turn   | Place    | Note
-------+----------+-------------------------------------------
     0 | D:1      | Drazool the Formicid Fighter began the quest for the Orb.
     0 | D:1      | Reached XP level 1. HP: 18/18 MP: 1/1
   112 | D:1      | Reached XP level 2. HP: 22/24 MP: 2/2
   146 | D:1      | Found a faded altar of an unknown god.
   153 | D:1      | Reached skill level 4 in Shields
   157 | D:1      | Became a worshipper of Vehumet
   157 | D:1      | Reached * piety under Vehumet
   157 | D:1      | Offered knowledge of Shock by Vehumet.
   158 | D:1      | Quit the game

Vanquished Creatures
  2 endoplasms (D:1)
  A goblin (D:1)
  A quokka (D:1)
  2 kobolds (D:1)
  A rat (D:1)
7 creatures vanquished.

Table legend: (Time is in decaauts)
 A = Elapsed time spent in this place.
 B = Non-inter-level travel time spent in this place.
 C = Inter-level travel time spent in this place.
 D = Time resting spent in this place.
 E = Time spent auto-exploring this place.
 F = Levels seen in this place.
 G = Mean time per level.
                   A        B        C        D        E       F      G
               +--------+--------+--------+--------+--------+-----+--------+
         Total |    163 |    163 |      0 |      0 |    121 |   1 |  163.0 |
       Dungeon |    163 |    163 |      0 |      0 |    121 |   1 |  163.0 |
               +--------+--------+--------+--------+--------+-----+--------+

Top non-repeatable levels by time:
     D:1: 163 daAuts

Table legend:
 A = Non-vault XP
 B = Vault XP
 C = Vault XP percentage of total XP
 D = Non-vault monster count
 E = Vault monster count
 F = Vault count percentage of total count
                 A         B        C        D         E       F
            +---------+---------+-------+---------+---------+-------
      Total |      11 |       0 |   0.0 |       7 |       0 |   0.0
            +---------+---------+-------+---------+---------+-------
        D:1 |      11 |       0 |   0.0 |       7 |       0 |   0.0
            +---------+---------+-------+---------+---------+-------
